 Dungeon Crawl Stone Soup version 0.23-a0-309-ge7838e6 (webtiles) character file.

1 Amnesiac the Sneak (level 1, -1/7 HPs)
             Began as a Felid Earth Elementalist on Oct 11, 2018.
             Slain by an adder zombie (4 damage)
             ... on level 1 of the Dungeon.
             The game lasted 00:00:17 (48 turns).

Amnesiac the Sneak (Felid Earth Elementalist)         Turns: 48, Time: 00:00:18

Health: -1/7       AC:  1    Str:  4    XL:     1   Next: 16%
Magic:  4/4        EV: 18    Int: 16    God:
Gold:   0          SH:  0    Dex: 16    Spells: 3/4 levels left
                                        Lives:  0   Deaths: 0

rFire    . . .     SeeInvis +   (weapon unavailable)
rCold    . . .     Gourm    .   (shield unavailable)
rNeg     . . .     Faith    .   (armour unavailable)
rPois    .         Spirit   .   (helmet unavailable)
rElec    .         Reflect  .   (cloak unavailable)
rCorr    .         Harm     .   (gloves unavailable)
MR       .....                  (boots unavailable)
Stlth    +++.......             (no amulet)
HPRegen  0.02/turn              (no ring)
MPRegen  0.09/turn              (no ring)

@: quick
A: very small, no armour, no weapons or thrown items, stealth, claws 1, fangs 3,
see invisible, carnivore, speed 1, shaggy fur 1, slow metabolism 1, sharp paws
a: no special abilities


You were on level 1 of the Dungeon.
You were not hungry.

You visited 1 branch of the dungeon, and saw 1 of its levels.

Inventory:

Missiles
 b - 30 stones
Comestibles
 c - a ration


   Skills:
 - Level 2.6 Dodging
 + Level 2.7 Stealth
 - Level 2.0 Spellcasting
   Level 1.1 Transmutations
 * Level 2.7 Earth Magic


You had 3 spell levels left.
You knew the following spells:

 Your Spells              Type           Power        Failure   Level  Hunger
a - Sandblast             Erth           ##....       7%          1    #......

Your spell library contained the following spells:

 Spells                   Type           Power        Failure   Level  Hunger
 Passwall                 Tmut/Erth      #.......     14%         2    ###....
 Stone Arrow              Conj/Erth      #.....       34%         3    ###....
 Petrify                  Tmut/Erth      #.......     67%         4    #####..
 Lee's Rapid Deconstruct  Erth           ##........   88%         5    ######.


Dungeon Overview and Level Annotations

Branches:
Dungeon (1/15)

Altars:


Innate Abilities, Weirdness & Mutations

You cannot wear armour.
You are incapable of wielding weapons or throwing items.
Your paws allow you to move quietly. (Stealth)
You have sharp claws.
You have razor-sharp teeth.
You have supernaturally acute eyesight. (SInv)
You are carnivorous and can eat meat at any time.
You cover ground quickly.
You are covered in fur. (AC +1)
You have a slow metabolism.
Your sharp claws are effective at attacking unaware monsters.


Message History

You scratch the adder zombie.
The adder zombie is lightly damaged.
The adder zombie misses you.
Your unstable footing causes you to fumble your attack.
The adder zombie misses you.
Your unstable footing causes you to fumble your attack.
The adder zombie bites you.
You closely miss the adder zombie.
The adder zombie is lightly damaged.
The adder zombie barely misses you. The adder zombie closely misses you.
You closely miss the adder zombie.
The adder zombie is lightly damaged.
The adder zombie barely misses you.
Your unstable footing causes you to fumble your attack.
The adder zombie completely misses you.
Your unstable footing causes you to fumble your attack.
The adder zombie completely misses you. The adder zombie barely misses you.
You scratch the adder zombie.
The adder zombie is moderately damaged.
The adder zombie barely misses you.
You scratch the adder zombie.
The adder zombie is heavily damaged.
The adder zombie barely misses you.
You scratch the adder zombie.
The adder zombie is heavily damaged.
The adder zombie barely misses you.
You scratch the adder zombie.
You bite the adder zombie, but do no damage.
The adder zombie is heavily damaged.
The adder zombie bites you but does no damage.
You closely miss the adder zombie.
The adder zombie is heavily damaged.
The adder zombie completely misses you.
You barely miss the adder zombie.
The adder zombie is heavily damaged.
The adder zombie bites you.
* * * LOW HITPOINT WARNING * * *
You scratch the adder zombie but do no damage.
The adder zombie is heavily damaged.
The adder zombie barely misses you.
You closely miss the adder zombie.
The adder zombie is heavily damaged.
The adder zombie closely misses you. x2
You barely miss the adder zombie.
The adder zombie is heavily damaged.
The adder zombie closely misses you.
You barely miss the adder zombie.
The adder zombie is heavily damaged.
The adder zombie closely misses you.
You barely miss the adder zombie.
The adder zombie is heavily damaged.
The adder zombie completely misses you.
You barely miss the adder zombie.
The adder zombie is heavily damaged.
The adder zombie bites you but does no damage.
You scratch the adder zombie.
The adder zombie is severely damaged.
The adder zombie misses you.
You scratch the adder zombie.
The adder zombie is severely damaged.
The adder zombie bites you.
Ouch! That really hurt!
You die...

#♣##+##♣# #+#
♣≈.....≈♣
#.##♣.......♣#
###.8#.........#
#≈#.##...≈♣≈...#
♣8.''...♣8♣...+
#≈#.##...≈♣≈Z..#
#.8#.....@...#
#.##♣.......♣#
##'##♣≈.....≈♣
#8.8##♣##+##♣#
#...###8#+#8
#...'.......
#...##8##.##
#<.8# ≈# ##### #


You could see an adder zombie.

Vanquished Creatures
  A bat zombie (D:1)
1 creature vanquished.

Notes
Turn   | Place    | Note
-------+----------+-------------------------------------------
     0 | D:1      | Amnesiac the Felid Earth Elementalist began the quest for
                  | the Orb.
     0 | D:1      | Reached XP level 1. HP: 7/7 MP: 4/4
    48 | D:1      | Slain by an adder zombie

Vault maps used:
D:1:      saegor_arrival_fortress, corexii_hall_statues_i

Action                   || total
-------------------------++-------
Melee: Unarmed           ||    28
       Bite              ||     3
Armor: Skin              ||     7
Dodge: Dodged            ||    32

Table legend:
 A = Non-vault XP
 B = Vault XP
 C = Vault XP percentage of total XP
 D = Non-vault monster count
 E = Vault monster count
 F = Vault count percentage of total count
                 A         B        C        D         E       F
            +---------+---------+-------+---------+---------+-------
      Total |       0 |       2 | 100.0 |       0 |       1 | 100.0
            +---------+---------+-------+---------+---------+-------
        D:1 |       0 |       2 | 100.0 |       0 |       1 | 100.0
            +---------+---------+-------+---------+---------+-------
